 Dungeon Crawl Stone Soup version 0.24-a0-397-g73b976d855 (webtiles) character file.

Game seed: 2736381425409865606

147 Laiders72 the Cudgeler (level 5, -9/47 HPs)
             Began as a Minotaur Fighter on June 4, 2019.
             Mangled by an orc warrior
             ... wielding a +0 glaive
              (21 damage)
             ... on level 3 of the Dungeon.
             The game lasted 00:05:36 (2172 turns).

Laiders72 the Cudgeler (Minotaur Fighter)           Turns: 2172, Time: 00:05:37

Health: -9/47      AC:  6    Str: 25    XL:     5   Next: 8%
Magic:  4/4        EV:  7    Int:  5    God:
Gold:   109        SH: 10    Dex: 11    Spells: 4/4 levels left

rFire    . . .     SeeInvis .   a - +0 flail
rCold    . . .     Gourm    .   c - +0 shield
rNeg     . . .     Faith    .   b - +0 scale mail
rPois    .         Spirit   .   (helmet restricted)
rElec    .         Reflect  .   (no cloak)
rCorr    .         Harm     .   (no gloves)
MR       .....                  (no boots)
Stlth    ..........             (no amulet)
HPRegen  0.15/turn              g - ring of wizardry
MPRegen  0.09/turn              (no ring)

@: mighty
A: retaliatory headbutt, horns 2
a: no special abilities


You were on level 3 of the Dungeon.
You were not hungry.

You visited 1 branch of the dungeon, and saw 3 of its levels.

You collected 109 gold pieces.

Inventory:

Hand Weapons
 a - a +0 flail (weapon)
Armour
 b - a +0 scale mail (worn)
 c - a +0 shield (worn)
Jewellery
 g - a ring of wizardry (left hand)
Wands
 n - a wand of paralysis (7)
Scrolls
 h - 2 scrolls of teleportation {unknown}
 i - 2 scrolls of remove curse {unknown}
 j - 2 scrolls of identify {unknown}
 q - a scroll of magic mapping {unknown}
Potions
 e - a potion of haste {unknown}
 k - a potion of heal wounds {unknown}
 l - 3 potions of curing {unknown}
 m - 2 potions of brilliance {unknown}
 o - 2 potions of mutation {unknown}
Comestibles
 f - 8 rations


   Skills:
 + Level 4.6 Fighting
 * Level 4.8 Maces & Flails
 - Level 3.6 Armour
 + Level 4.6 Shields


You had 4 spell levels left.
You didn't know any spells.
Your spell library was empty.

Dungeon Overview and Level Annotations

Branches:
Dungeon (3/15)

Altars:
Sif Muna


Innate Abilities, Weirdness & Mutations

You reflexively headbutt those who attack you in melee.
You have a pair of horns on your head.


Message History

The orc warrior is healed somewhat.
The orc moves out of view.
You hear a shout!
You sock the orc warrior! Your headbutt misses the orc warrior.
The orc warrior is moderately wounded.
The orc warrior hits you with a +0 glaive!
You closely miss the orc warrior.
The orc warrior is moderately wounded.
The orc warrior hits you with a +0 glaive!
You feel very mighty all of a sudden.
Your shield and scale mail prevent you from hitting the orc warrior.
The orc warrior is moderately wounded.
You block the orc warrior's attack.
The orc priest calls down the wrath of Beogh upon you.
Beogh smites you!
* * * LOW HITPOINT WARNING * * *
Your shield and scale mail prevent you from hitting the orc warrior.
Your headbutt misses the orc warrior.
The orc warrior is moderately wounded.
The orc warrior hits you with a +0 glaive!!
You die...

#.....# ####.....# ...
.........##
................. ...
......#)....
#####.###.##.#.#oo
...........#.#.#o# ####
.............#.#@#....##
.......................>
##.....#.....#.#.#.#..#.
...................# #
##.........#...#.###
######....#...#.#
.######....#...#.#
...........#...#.#
.#######...#.....#


You could see an orc warrior, an orc priest and an orc.

Vanquished Creatures
  Natasha (D:3)
  4 adders
  3 worms (D:2)
  4 dart slugs
  2 leopard geckos (D:1)
  A ball python (D:2)
  4 giant cockroaches
  7 goblins
  9 hobgoblins
  8 jackals
  A quokka (D:2)
  3 bats
  16 frilled lizards
  3 kobolds
  6 rats
72 creatures vanquished.

Notes
Turn   | Place    | Note
-------+----------+-------------------------------------------
     0 | D:1      | Laiders72 the Minotaur Fighter began the quest for the Orb.
     0 | D:1      | Reached XP level 1. HP: 19/19 MP: 0/0
   155 | D:1      | Reached XP level 2. HP: 25/27 MP: 1/1
   834 | D:1      | Reached XP level 3. HP: 29/33 MP: 2/2
  1397 | D:2      | Reached XP level 4. HP: 30/41 MP: 3/3
  1821 | D:2      | Found a deep blue altar of Sif Muna.
  2141 | D:3      | Noticed Natasha
  2149 | D:3      | Killed Natasha
  2149 | D:3      | Reached XP level 5. HP: 40/47 MP: 4/4
  2161 | D:3      | Noticed an orc warrior
  2172 | D:3      | Mangled by an orc warrior

Levels and vault maps discovered:
D:1:      scummos_arrival_star, layout_loops_corners, chequers_jeans,
          minmay_lizard_king
D:2:      layout_basic, lemuel_blue_sif_altar, first_ration,
          kennysheep_generic_room_8
D:3:      layout_basic, kennysheep_slug_shrine, overflow_temple_1_default,
          uniq_natasha

Skill      XL: |  1  2  3 |
---------------+----------+-----
Maces & Flails | 3 4 |  4.8
Shields        | 4 |  4.6
Fighting       | 4 |  4.6
Armour         | |  3.6

Action                   |  1- 3 |  4- 6 || total
-------------------------+-------+-------++-------
Melee: Flail             |   123 |    72 ||   195
       Headbutt          |    14 |    10 ||    24
  Use: Potion            |       |     1 ||     1
  Eat: Chunk             |     1 |     3 ||     4
Armor: Scale mail        |    65 |    19 ||    84
Dodge: Dodged            |    45 |    12 ||    57
Block: Shield            |    77 |    25 ||   102

Table legend:
 A = Non-vault XP
 B = Vault XP
 C = Vault XP percentage of total XP
 D = Non-vault monster count
 E = Vault monster count
 F = Vault count percentage of total count
                 A         B        C        D         E       F
            +---------+---------+-------+---------+---------+-------
      Total |     157 |      54 |  25.6 |      57 |      15 |  20.8
            +---------+---------+-------+---------+---------+-------
        D:1 |      40 |      15 |  27.3 |      21 |      13 |  38.2
        D:2 |     103 |       0 |   0.0 |      34 |       0 |   0.0
        D:3 |      14 |      39 |  73.6 |       2 |       2 |  50.0
            +---------+---------+-------+---------+---------+-------
